 Dungeon Crawl Stone Soup version 0.19-a0-905-ge5e6a15 (webtiles) character file.

108 Gagarin the Firebug (level 4, -3/24 HPs)
             Began as a High Elf Fire Elementalist on July 5, 2016.
             Was an Initiate of Sif Muna.
             Slain by a worker ant (4 damage)
             ... on level 4 of the Dungeon.
             The game lasted 00:10:33 (2611 turns).

Gagarin the Firebug (High Elf Fire Elementalist)    Turns: 2611, Time: 00:10:34

Health: -3/24      AC:  4    Str:  8    XL:     4   Next: 58%
Magic:  8/8        EV: 13    Int: 19    God:    Sif Muna [......]
Gold:   148        SH:  3    Dex: 15    Spells: 3 memorised, 4 levels left

rFire  . . .     SeeInvis .     h - +0 dagger
rCold  . . .     Gourm    .     a - +0 robe
rNeg   . . .     Faith    .     (no shield)
rPois  .         Spirit   .     (no helmet)
rElec  .         Dismiss  .     x - +1 cloak
rCorr  .         Reflect  +     (no gloves)
SustAt .         Harm     .     (no boots)
MR     .....                    v - +3 amulet of reflection
Stlth  ++........               (no ring)
                                (no ring)

@: lethally poisoned (-3 -> -10), not resistant to hostile enchantments,
unstealthy
A: frail 1, low mp 2
a: Renounce Religion


You were on level 4 of the Dungeon.
You worshipped Sif Muna.
Sif Muna was noncommittal.
You were not hungry.

You visited 1 branch of the dungeon, and saw 4 of its levels.

You collected 148 gold pieces.

Inventory:

Hand Weapons
 h - a +0 dagger (weapon)
Armour
 a - a +0 robe (worn)
 x - a +1 cloak (worn)
Jewellery
 e - an uncursed ring of wizardry {unknown}
 v - a +3 amulet of reflection (around neck)
Scrolls
 d - a scroll of identify
 f - a scroll of remove curse {unknown}
 i - 2 scrolls of random uselessness {unknown}
 l - 2 scrolls of recharging {unknown}
 o - a scroll of immolation {unknown}
Potions
 k - a potion of flight {unknown}
 m - a potion of brilliance {unknown}
 p - a potion of heal wounds {unknown}
 r - a potion of haste {unknown}
 s - a potion of ambrosia {unknown}
 t - a potion of berserk rage {unknown}
Books
 b - a book of Flames

   Spells                             Type                      Level
   a - Flame Tongue                   Conjuration/Fire             1
   b - Throw Flame                    Conjuration/Fire             2
   c - Conjure Flame                  Conjuration/Fire             3
   d - Inner Flame                    Hexes/Fire                   3
   e - Sticky Flame                   Conjuration/Fire             4
   f - Fireball                       Conjuration/Fire             5
Comestibles
 c - a bread ration
 n - a meat ration
 q - a royal jelly
 u - 5 chunks of flesh


   Skills:
 + Level 2.7 Dodging
 + Level 2.8 Stealth
 + Level 3.5 Spellcasting
 + Level 2.0 Conjurations
 + Level 3.9 Fire Magic


You had 4 spell levels left.
You knew the following spells:

 Your Spells              Type           Power        Failure   Level  Hunger
a - Flame Tongue          Conj/Fire      ##...        6%          1    None
b - Throw Flame           Conj/Fire      ##....       10%         2    ##.....
c - Conjure Flame         Conj/Fire      ##......     14%         3    ###....


Dungeon Overview and Level Annotations

Branches:
Dungeon (4/15)
 Temple: D:4-7

Altars:
Sif Muna
Trog
The Shining One

Annotations:
D:3 4thArraOfDagon's ghost, weakling HOMo


Innate Abilities, Weirdness & Mutations

You are frail. (-10% HP)
Your magical capacity is very low. (-20% MP)


Message History

You feel sick. The worker ant bites you.
* * * LOW HITPOINT WARNING * * *
You are lethally poisoned!
The worker ant poisons you!
* * * LOW HITPOINT WARNING * * *
You feel sick.
Unknown command.
* * * LOW HITPOINT WARNING * * *
You feel sick. The worker ant closely misses you.
It was a potion of mutation.
You feel extremely strange.
You feel frail.
You feel less energetic. x2
* * * LOW HITPOINT WARNING * * *
You feel sick. The worker ant bites you.
* * * LOW HITPOINT WARNING * * *
You aren't carrying any items that you can evoke.
It was a potion of magic.
Magic courses through your body.
* * * LOW HITPOINT WARNING * * *
You feel sick. The worker ant bites you.
You die...

....%.## .....
.... ?$. ......
#....#.# ......
....#.###..... #
.........#.##
##.####..........
+....r...<.......
###.#a#.....###..
#@#.#.....#
#.#.##....# #.#..
...... .....
.#.....
.......#.....
.......##.....
.#+#. .. .#


You could see a worker ant and a quokka.

Vanquished Creatures
  Crazy Yiuf (D:3)
  An adder (D:2)
  An ooze (D:1)
  4 dart slugs
  2 giant geckos
  An orc (D:3)
  3 giant cockroaches
  6 goblins
  6 hobgoblins
  8 jackals
  4 kobolds
  4 bats
  4 giant newts
  7 rats
52 creatures vanquished.

Notes
Turn   | Place    | Note
-------+----------+-------------------------------------------
     0 | D:1      | Gagarin the High Elf Fire Elementalist began the quest for the Orb.
     0 | D:1      | Reached XP level 1. HP: 11/11 MP: 4/4
   256 | D:1      | Reached XP level 2. HP: 17/17 MP: 3/6
   295 | D:1      | Learned a level 2 spell: Throw Flame
  1035 | D:1      | Reached XP level 3. HP: 21/21 MP: 6/8
  1602 | D:2      | Found a deep blue altar of Sif Muna.
  1610 | D:2      | Became a worshipper of Sif Muna the Loreminder
  1651 | D:2      | Found a bloodstained altar of Trog.
  1703 | D:2      | Found a glowing golden altar of the Shining One.
  1919 | D:2      | Learned a level 3 spell: Conjure Flame
  2001 | D:3      | Noticed 4thArraOfDagon's ghost (weakling HOMo)
  2137 | D:2      | Reached XP level 4. HP: 27/27 MP: 3/9
  2224 | D:3      | Found a runed door.
  2228 | D:3      | Noticed Crazy Yiuf
  2234 | D:3      | Killed Crazy Yiuf
  2610 | D:4      | Gained mutation: You are frail. (-10% HP) [potion of mutation]
  2610 | D:4      | Gained mutation: Your magical capacity is low. (-10% MP) [potion of mutation]
  2610 | D:4      | Gained mutation: Your magical capacity is very low. (-20% MP) [potion of mutation]
  2611 | D:4      | HP: 1/24 [poisoned by a worker ant]
  2611 | D:4      | Slain by a worker ant

Vault maps used:
D:1:      minmay_arrival_shattered_statue
D:2:      nicolae_overflow_crystal_walls, lemuel_round_altar, serial_glass,
          glass_columns_c, glass_columns_a, trog_three_pillars_becter
D:3:      uniq_crazy_yiuf_cottage
D:4:      marbit_many_paths, first_bread, uniq_blork_the_orc, uniq_duvessa

Skill      XL: |  1  2  3  4 |
---------------+-------------+-----
Spellcasting   | 3 |  3.5
Conjurations   | 2 |  2.0
Dodging        | |  2.7
Stealth        | |  2.8
Fire Magic     | |  3.9

Action                   |  1- 3 |  4- 6 || total
-------------------------+-------+-------++-------
Melee: Dagger            |    14 |     6 ||    20
 Cast: Flame Tongue      |    40 |    21 ||    61
       Throw Flame       |    30 |     5 ||    35
       Conjure Flame     |       |     2 ||     2
  Use: Scroll            |     1 |       ||     1
       Potion            |       |     2 ||     2
  Eat: Chunk             |     5 |     2 ||     7
Armor: Robe              |    10 |     2 ||    12
Dodge: Dodged            |    32 |    17 ||    49
Block: Other             |       |     1 ||     1
